 Dungeon Crawl Stone Soup version 0.28.0-1-gb440e238dd (webtiles) character file.

Game seed: 18152009440189782508

33 themarg the Sneak (level 3, 0/25 HPs)
             Began as a Gnoll Wanderer on Feb 19, 2022.
             Slain by a rat (2 damage)
             ... on level 2 of the Dungeon.
             The game lasted 00:06:11 (1908 turns).

themarg the Sneak (Gnoll Wanderer)                  Turns: 1908, Time: 00:06:11

Health: 0/25       AC:  3    Str:  7    XL:     3   Next: 29%
Magic:  6/7        EV: 11    Int: 24    God:
Gold:   34         SH:  0    Dex: 10    Spells: 5/7 levels left

rFire   . . .      SeeInvis .   a - +0 dagger
rCold   . . .      Faith    .   (no shield)
rNeg    + . .      Spirit   .   b - +0 robe
rPois   .          Reflect  .   (no helmet)
rElec   .          Harm     .   c - +0 cloak
rCorr   .          Rampage  .   (no gloves)
Will    .....                   (no boots)
Stlth   +++.......              (no amulet)
HPRegen 0.08/turn               e - +6 ring of intelligence
MPRegen 0.10/turn               f - ring of positive energy

@: no status effects
A: fangs 1, strong nose, distributed training
a: no special abilities


You were on level 2 of the Dungeon.
You visited 1 branch of the dungeon, and saw 2 of its levels.

You collected 34 gold pieces.

Inventory:

Hand Weapons
 a - a +0 dagger (weapon)
Armour
 b - a +0 robe (worn)
 c - a +0 cloak (worn)
Jewellery
 e - a +6 ring of intelligence (left hand)
 f - a ring of positive energy (right hand)
Scrolls
 d - 2 scrolls of fog {unknown}
 g - a scroll of blinking {unknown}
 h - a scroll of enchant armour {unknown}


   Skills:
 + Level 0.7 Fighting
 + Level 0.7 Short Blades
 + Level 0.7 Long Blades
 + Level 0.7 Axes
 + Level 0.7 Maces & Flails
 + Level 0.7 Polearms
 + Level 0.7 Staves
 + Level 0.7 Slings
 + Level 0.7 Bows
 + Level 0.7 Crossbows
 + Level 0.7 Throwing
 + Level 4.5 Armour
 + Level 0.7 Dodging
 + Level 6.0 Stealth
 + Level 0.7 Shields
 + Level 0.7 Unarmed Combat
 + Level 2.8 Spellcasting
 + Level 0.5 Conjurations
 + Level 5.4 Hexes
 + Level 0.5 Summonings
 + Level 0.5 Necromancy
 + Level 0.5 Translocations
 + Level 0.5 Transmutations
 + Level 0.5 Fire Magic
 + Level 0.5 Ice Magic
 + Level 0.5 Air Magic
 + Level 0.5 Earth Magic
 + Level 2.1 Poison Magic
 + Level 0.9 Invocations
 + Level 0.7 Evocations


You had 5 spell levels left.
You knew the following spells:

 Your Spells              Type           Power      Damage    Failure   Level
a - Slow                  Hex            100%       N/A       1%          1
b - Sting                 Tmut/Pois      36%        1d4       6%          1

Your spell library contained the following spells:

 Spells                   Type           Power      Damage    Failure   Level
 Sandblast                Erth           10%        2d5       9%          1
 Inner Flame              Hex/Fire       17%        N/A       10%         3
 Portal Projectile        Hex/Tloc       34%        N/A       10%         3
 Passwall                 Tmut/Erth      4%         N/A       14%         2
 Ignite Poison            Fire/Tmut/Pois 8%         N/A       22%         3
 Stone Arrow              Conj/Erth      10%        3d7       26%         3


Dungeon Overview and Level Annotations

Branches:
Dungeon (2/15)

Altars:

Shops:
D:1 (

Annotations:
D:2 Jessica


Innate Abilities, Weirdness & Mutations

You have very sharp teeth.
Your uncanny sense of smell can sniff out nearby items.
Your experience applies equally to all skills.


Message History

You hit the endoplasm but do no damage.
The endoplasm is moderately wounded.
A rat comes into view.
You hit the endoplasm but do no damage.
The endoplasm is moderately wounded.
The endoplasm freezes you.
You are frozen.
The hobgoblin misses you.
You hit the endoplasm but do no damage. You bite the endoplasm.
The endoplasm is heavily wounded.
The rat barely misses you. The hobgoblin hits you. The endoplasm freezes you.
You are frozen.
You hit the endoplasm but do no damage.
The endoplasm is heavily wounded.
The rat bites you but does no damage. The hobgoblin closely misses you.
You barely miss the endoplasm. Your bite misses the endoplasm.
The endoplasm is heavily wounded.
The endoplasm hits you. The rat closely misses you.
The hobgoblin hits you but does no damage.
You hit the endoplasm.
The endoplasm is almost dead.
The rat bites you but does no damage. The endoplasm freezes you.
You are frozen.
* * * LOW HITPOINT WARNING * * *
The hobgoblin hits you but does no damage.
The endoplasm barely misses you.
You hit the endoplasm but do no damage. You bite the endoplasm.
You kill the endoplasm!
The rat bites you but does no damage.
You hit the hobgoblin but do no damage. The rat completely misses you.
The hobgoblin hits you.
* * * LOW HITPOINT WARNING * * *
You hit the hobgoblin but do no damage. The rat bites you but does no damage.
The hobgoblin hits you.
* * * LOW HITPOINT WARNING * * *
You hit the hobgoblin but do no damage. The rat misses you.
The hobgoblin closely misses you.
You hit the hobgoblin but do no damage. The rat bites you.
You die...

.........# #
..........#.#
..........#.#####
..........#......
.................
.................
.........<#
.......gr.#
.?.....@..#
###########


You could see a hobgoblin and a rat.

Vanquished Creatures
  2 dart slugs (D:1)
  6 ball pythons (D:1)
  4 endoplasms
  A giant cockroach (D:1)
  2 goblins (D:1)
  3 hobgoblins (D:1)
  3 kobolds (D:1)
  A bat (D:1)
  2 frilled lizards (D:1)
  2 rats (D:1)
26 creatures vanquished.

Notes
Turn   | Place    | Note
-------+----------+-------------------------------------------
     0 | D:1      | themarg the Gnoll Wanderer began the quest for the Orb.
     0 | D:1      | themarg set off with the following items: a +0 dagger, a +0
                  | robe, a +0 cloak; and the following spells available to
                  | memorise: Slow, Sting, Inner Flame, Portal Projectile,
                  | Ignite Poison
     0 | D:1      | Reached XP level 1. HP: 13/13 MP: 4/4
   116 | D:1      | Reached XP level 2. HP: 19/19 MP: 5/5
   509 | D:1      | Learned a level 1 spell: Slow
   511 | D:1      | Learned a level 1 spell: Sting
   633 | D:1      | Found Hamab's Weapon Boutique.
  1108 | D:1      | Reached XP level 3. HP: 15/25 MP: 7/7
  1650 | D:1      | Reached skill level 6 in Stealth
  1840 | D:2      | Noticed Jessica
  1906 | D:2      | HP: 1/25 [hobgoblin (3)]
  1908 | D:2      | Slain by a rat

Illustrated notes

Levels and vault maps discovered:
D:1:      nzn_arrival_crosshair, layout_loops_ring, serial_shops,
          nicolae_shop_window_shopping, nicolae_figureground_pulse
D:2:      layout_rooms, serial_shops, shop_statue, uniq_sigmund, uniq_jessica,
          uniq_terence

Skill      XL: |  1  2  3 |
---------------+----------+-----
Poison Magic   | 2 |  2.1
Stealth        | 6 |  6.0
Fighting       | |  0.7
Short Blades   | |  0.7
Long Blades    | |  0.7
Axes           | |  0.7
Maces & Flails | |  0.7
Polearms       | |  0.7
Staves         | |  0.7
Slings         | |  0.7
Bows           | |  0.7
Crossbows      | |  0.7
Throwing       | |  0.7
Armour         | |  4.5
Dodging        | |  0.7
Shields        | |  0.7
Unarmed Combat | |  0.7
Spellcasting   | |  2.8
Conjurations   | |  0.5
Hexes          | |  5.4
Summonings     | |  0.5
Necromancy     | |  0.5
Translocations | |  0.5
Transmutations | |  0.5
Fire Magic     | |  0.5
Ice Magic      | |  0.5
Air Magic      | |  0.5
Earth Magic    | |  0.5
Invocations    | |  0.9
Evocations     | |  0.7

Action                   || total
-------------------------++-------
Melee: Dagger            ||   176
       Bite              ||    14
       Punch             ||     4
 Cast: Slow              ||    13
       Sting             ||     1
 Stab: Sleeping          ||     2
Armor: Robe              ||    44
Dodge: Dodged            ||    93
